Marlies vs Wolves

Created - Tuesday, December 02, 2014 at 21:29

Goals
1 2 3 OT1 T
Marlies 1 0 0 1 2
Wolves 0 0 1 0 1
Shots
1 2 3 OT1 T
Marlies 13 6 8 3 30
Wolves 4 10 4 0 18

1st period

1. Marlies , George Parros 12 (Drew Schiestel) at 9:11

Penalties :
No Penalty

2nd period

No Goal

Penalties :
Corbin McPherson (CHI) for Fighting (Major) at 2:09, George Parros (TOR) for Fighting (Major) at 2:09, Jared Boll (CHI) for Fighting (Major) at 2:38, Rich Clune (TOR) for Fighting (Major) at 2:38, Jared Boll (CHI) for Fighting (Major) at 10:05, Rich Clune (TOR) for Fighting (Major) at 10:05, Aaron Volpatti (CHI) for Boarding (Minor) at 19:39

3rd period

2. Wolves , Kent Huskins 1 (Scott Glennie, Chris Terry) at 2:50 (SH)

Penalties :
Cedric Paquette (CHI) for High sticking (Minor) at 2:30

Overtime #1

3. Marlies , Jake Hansen 4 (Matt Dumba, Scott Harrington) at 2:07

Penalties :
No Penalty

Goalie Stats

Scott Clemmensen (TOR), 17 saves from 18 shots - (0.944), W, 10-7-6, 62:07 minutes
Scott Wedgewood (CHI), 28 saves from 30 shots - (0.933), OTL, 3-5-6, 62:07 minutes

Players Stats for Marlies

Player Name              G  A  P  +/- PIM S  H  SB GA TA FO     MP     PP MP  PK MP  
------------------------------------------------------------------------------------
Austen Brassard          0  0  0   0  0   0  0  0  0  0  0/0     1:38   0:00   0:00 
Brendon Nash             0  0  0   0  0   1  0  0  0  0  0/0    13:17   0:00   0:00 
Colton Gillies           0  0  0   0  0   0  0  0  0  0  2/3    21:35   2:11   0:00 
Drew Schiestel           0  1  1   0  0   1  0  5  1  0  0/0    18:18   0:00   0:00 
Farm Player24            0  0  0   0  0   1  2  0  0  0  0/9    19:12   2:07   0:00 
Farm Player29            0  0  0   0  0   1  1  0  1  0  0/0    18:57   1:47   0:00 
Farm Player31            0  0  0   1  0   0  1  0  0  0  2/10   17:15   0:00   0:00 
George Parros            1  0  1   0  5   2  2  0  1  1  0/1    17:27   1:47   0:00 
Jake Hansen              1  0  1   1  0   1  2  1  0  1  0/1    15:50   0:00   0:00 
Joel Armia               0  0  0   0  0   2  3  0  1  0  0/0    16:21   0:00   0:00 
Jonathon Blum            0  0  0   0  0   2  1  0  2  1  0/0    13:19   2:08   0:00 
Jordan Henry             0  0  0   0  0   1  0  2  0  0  0/0    13:17   0:00   0:00 
Matt Dumba               0  1  1   1  0   3  1  0  1  2  0/0    22:11   1:50   0:00 
Morgan Ellis             0  0  0   0  0   3  2  1  0  0  0/0    17:50   0:00   0:00 
Nicolas Deschamps        0  0  0   0  0   1  3  0  3  0  3/7    20:39   1:51   0:00 
Rich Clune               0  0  0   0  10  2  4  0  0  1  0/0    18:56   2:11   0:00 
Scott Harrington         0  1  1   1  0   2  2  2  0  1  0/0    18:03   1:50   0:00 
Sheldon Brookbank        0  0  0   0  0   7  2  0  0  0  0/0    24:20   2:08   0:00 

Players Stats for Wolves

Player Name              G  A  P  +/- PIM S  H  SB GA TA FO     MP     PP MP  PK MP  
------------------------------------------------------------------------------------
Aaron Volpatti           0  0  0  -1  2   0  7  0  0  0  1/1    17:06   0:00   0:00 
Cedric Paquette          0  0  0   0  2   0  0  1  0  0  8/10   19:12   0:00   0:00 
Chris Terry              0  1  1   1  0   4  2  3  3  0  7/10   23:56   0:00   3:01 
Christian Hanson         0  0  0   0  0   0  0  0  0  0  0/0     0:35   0:00   0:00 
Corbin McPherson         0  0  0   0  5   0  0  1  1  0  0/0    23:14   0:00   1:36 
Dane Byers               0  0  0   0  0   1  1  0  2  0  0/0    10:56   0:00   0:00 
Daniel Carcillo          0  0  0   0  0   4  3  0  5  2  0/0    18:22   0:00   0:00 
Farm Player1             0  0  0  -1  0   0  1  0  0  0  0/0    16:43   0:00   0:21 
Farm Player20            0  0  0  -1  0   0  0  0  0  0  0/0    12:22   0:00   0:00 
Jared Boll               0  0  0   0  10  2  2  2  3  0  0/0    16:13   0:00   0:32 
Joel Broda               0  0  0  -1  0   0  1  0  1  1  0/0    10:19   0:00   0:00 
Jordan Schroeder         0  0  0  -1  0   1  1  0  0  0  5/5    17:47   0:00   0:32 
Kent Huskins             1  0  1   0  0   2  0  2  0  0  0/0    26:37   0:00   2:22 
Landon Ferraro           0  0  0  -1  0   1  0  0  0  0  2/4    18:00   0:00   0:53 
Logan Shaw               0  0  0   0  0   0  0  0  0  0  0/0     0:00   0:00   0:00 
Michael Caruso           0  0  0  -2  0   1  1  1  0  0  0/0    25:06   0:00   1:36 
Scott Glennie            0  1  1   1  0   1  1  2  2  0  1/1    21:22   0:00   2:57 
Yann Sauve               0  0  0   1  0   1  1  1  0  0  0/0    26:35   0:00   2:02 

3 Stars

1 - Jake Hansen (TOR)
2 - Scott Clemmensen (TOR)
3 - Chris Terry (CHI)

Power Play

Marlies - 0 on 2 Attempt(s) - 0.00%
Wolves - 0 on 0 Attempt(s) - 0.00%

Penalty Kill

Marlies - 0 on 0 Attempt(s) - 0.00% - Score 0 goal in Penalty Kill
Wolves - 2 on 2 Attempt(s) - 100.00% - Score 1 goal in Penalty Kill

Official

Referees : Unknown
Linesman : Unknown

Game Notes

Corbin McPherson beats up George Parros at 2:09 of 2nd period
Rich Clune beats up Jared Boll at 2:38 of 2nd period
Rich Clune beats up Jared Boll at 10:05 of 2nd period

Finance

Level 1 -- Attendance: 1630 (81.50%) -- Ticket Income $57,050
Level 2 -- Attendance: 782 (78.20%) -- Ticket Income $11,730
Total Attendance: 2412 (80.40%)
Total Ticket Income: $68,780
Other Income: $33,702
Total Income: $102,482

Marlies

5 vs 5 Forward 
   Center                   Left Wing                Right Wing               Time % Phy DF OF 
 1 Nicolas Deschamps        Colton Gillies           Rich Clune               35     1   2  2  
 2 Farm Player24            Farm Player29            George Parros            30     1   2  2  
 3 Farm Player31            Sheldon Brookbank        Joel Armia               22     1   2  2  
 4 Colton Gillies           Rich Clune               Jake Hansen              13     1   2  2  

5 vs 5 Defense 
   Defense                  Defense                                           Time % Phy DF OF 
 1 Sheldon Brookbank        Jonathon Blum                                     35     1   2  2  
 2 Scott Harrington         Matt Dumba                                        30     1   2  2  
 3 Morgan Ellis             Drew Schiestel                                    22     1   2  2  
 4 Brendon Nash             Jordan Henry                                      13     1   2  2  

PowerPlay Forward 
   Center                   Left Wing                Right Wing               Time % Phy DF OF 
 1 Nicolas Deschamps        Colton Gillies           Rich Clune               60     1   2  2  
 2 Farm Player24            Farm Player29            George Parros            40     1   2  2  

PowerPlay Defense
   Defense                  Defense                                           Time % Phy DF OF 
 1 Sheldon Brookbank        Jonathon Blum                                     60     1   2  2  
 2 Scott Harrington         Matt Dumba                                        40     1   2  2  

Penalty Kill 4 Players Forward 
   Center                   Wing                     Time % Phy DF OF 
 1 Colton Gillies           Rich Clune               60     1   2  2  
 2 George Parros            Joel Armia               40     1   2  2  

Penalty Kill 4 Players Defense
   Defense                  Defense                  Time % Phy DF OF 
 1 Sheldon Brookbank        Jonathon Blum            60     1   2  2  
 2 Scott Harrington         Matt Dumba               40     1   2  2  

Penalty Kill - 3 Players Forward 
   Forward                                           Time % Phy DF OF 
 1 Colton Gillies                                    60     1   2  2  
 2 Rich Clune                                        40     1   2  2  

Penalty Kill - 3 Players Defense
   Defense                  Defense                  Time % Phy DF OF 
 1 Sheldon Brookbank        Jonathon Blum            60     1   2  2  
 2 Scott Harrington         Matt Dumba               40     1   2  2  

4 vs 4 Forward 
   Center                   Wing                     Time % Phy DF OF 
 1 Colton Gillies           Rich Clune               60     1   2  2  
 2 George Parros            Joel Armia               40     1   2  2  

4 vs 4 Defense
   Defense                  Defense                  Time % Phy DF OF 
 1 Sheldon Brookbank        Jonathon Blum            60     1   2  2  
 2 Scott Harrington         Matt Dumba               40     1   2  2  

Last Minutes Offensive
   Center                   Left Wing                Right Wing               Defense                  Defense                  
   Nicolas Deschamps        Colton Gillies           Rich Clune               Sheldon Brookbank        Jonathon Blum            

Last Minutes Defensive
   Center                   Left Wing                Right Wing               Defense                  Defense                  
   Nicolas Deschamps        Colton Gillies           Rich Clune               Sheldon Brookbank        Jonathon Blum            

Goaltenders
Starting : Scott Clemmensen         
Backup : Tyler Beskorowany        

Extra Forwards
Normal : Jake Hansen, Farm Player31, Nicolas Deschamps - PP : Jake Hansen, Farm Player31 - PK : Nicolas Deschamps
Extra Defensemen
Normal : Morgan Ellis, Drew Schiestel, Brendon Nash - PP : Morgan Ellis - PK : Drew Schiestel, Brendon Nash
Penalty Shots
Sheldon Brookbank, Colton Gillies, Rich Clune, George Parros, Joel Armia

Wolves

5 vs 5 Forward 
   Center                   Left Wing                Right Wing               Time % Phy DF OF 
 1 Jordan Schroeder         Chris Terry              Aaron Volpatti           35     1   2  2  
 2 Cedric Paquette          Daniel Carcillo          Jared Boll               30     1   2  2  
 3 Landon Ferraro           Chris Terry              Scott Glennie            22     1   2  2  
 4 Chris Terry              Dane Byers               Jared Boll               13     1   2  2  

5 vs 5 Defense 
   Defense                  Defense                                           Time % Phy DF OF 
 1 Yann Sauve               Kent Huskins                                      35     1   2  2  
 2 Michael Caruso           Corbin McPherson                                  30     1   2  2  
 3 Yann Sauve               Michael Caruso                                    22     1   2  2  
 4 Corbin McPherson         Kent Huskins                                      13     1   2  2  

PowerPlay Forward 
   Center                   Left Wing                Right Wing               Time % Phy DF OF 
 1 Jordan Schroeder         Chris Terry              Landon Ferraro           60     1   2  2  
 2 Cedric Paquette          Scott Glennie            Jared Boll               40     1   2  2  

PowerPlay Defense
   Defense                  Defense                                           Time % Phy DF OF 
 1 Yann Sauve               Kent Huskins                                      60     1   2  2  
 2 Michael Caruso           Corbin McPherson                                  40     1   2  2  

Penalty Kill 4 Players Forward 
   Center                   Wing                     Time % Phy DF OF 
 1 Chris Terry              Scott Glennie            60     1   2  2  
 2 Jared Boll               Jordan Schroeder         40     1   2  2  

Penalty Kill 4 Players Defense
   Defense                  Defense                  Time % Phy DF OF 
 1 Yann Sauve               Kent Huskins             60     1   2  2  
 2 Michael Caruso           Corbin McPherson         40     1   2  2  

Penalty Kill - 3 Players Forward 
   Forward                                           Time % Phy DF OF 
 1 Chris Terry                                       60     1   2  2  
 2 Jared Boll                                        40     1   2  2  

Penalty Kill - 3 Players Defense
   Defense                  Defense                  Time % Phy DF OF 
 1 Yann Sauve               Kent Huskins             60     1   2  2  
 2 Michael Caruso           Corbin McPherson         40     1   2  2  

4 vs 4 Forward 
   Center                   Wing                     Time % Phy DF OF 
 1 Chris Terry              Scott Glennie            60     1   2  2  
 2 Jared Boll               Jordan Schroeder         40     1   2  2  

4 vs 4 Defense
   Defense                  Defense                  Time % Phy DF OF 
 1 Michael Caruso           Kent Huskins             60     1   2  2  
 2 Yann Sauve               Corbin McPherson         40     1   2  2  

Last Minutes Offensive
   Center                   Left Wing                Right Wing               Defense                  Defense                  
   Jordan Schroeder         Chris Terry              Jared Boll               Corbin McPherson         Kent Huskins             

Last Minutes Defensive
   Center                   Left Wing                Right Wing               Defense                  Defense                  
   Jordan Schroeder         Chris Terry              Jared Boll               Corbin McPherson         Kent Huskins             

Goaltenders
Starting : Scott Wedgewood          
Backup : Peter Mannino            

Extra Forwards
Normal : Chris Terry, Scott Glennie, Landon Ferraro - PP : Chris Terry, Scott Glennie - PK : Landon Ferraro
Extra Defensemen
Normal : Yann Sauve, Michael Caruso, Kent Huskins - PP : Yann Sauve - PK : Michael Caruso, Kent Huskins
Penalty Shots
Chris Terry, Landon Ferraro, Jared Boll, Jordan Schroeder, Scott Glennie

% Time on Ice - Marlies

Lines # - Real PCT - Wanted PCT - Time Play
Normal Forward
1 - 31% - 35% - 17:26
2 - 24% - 30% - 13:25
3 - 29% - 22% - 16:21
4 - 16% - 13% - 8:50
Normal Defense
1 - 18% - 35% - 9:51
2 - 28% - 30% - 15:26
3 - 31% - 22% - 17:28
4 - 24% - 13% - 13:17
PP Forward
1 - 55% - 60% - 2:11
2 - 45% - 40% - 1:47
PP Defense
1 - 54% - 60% - 2:08
2 - 46% - 40% - 1:50
PK Forward
1 - 0% - 60%
2 - 0% - 40%
PK Defense
1 - 0% - 60%
2 - 0% - 40%
PK3 Forward
1 - 0% - 60%
2 - 0% - 40%
PK3 Defense
1 - 0% - 60%
2 - 0% - 40%
44 Forward
1 - 100% - 60% - 2:07
2 - 0% - 40% - 0:00
44 Defense
1 - 63% - 60% - 1:20
2 - 37% - 40% - 0:47
Last Minute Offensive  - 0:00
Last Minute Defensive  - 0:00
Total
Forward - 62:07
Defense - 62:07

% Time on Ice - Wolves

Lines # - Real PCT - Wanted PCT - Time Play
Normal Forward
1 - 31% - 35% - 17:35
2 - 31% - 30% - 17:09
3 - 19% - 22% - 10:46
4 - 19% - 13% - 10:32
Normal Defense
1 - 33% - 35% - 18:26
2 - 29% - 30% - 16:02
3 - 20% - 22% - 11:12
4 - 19% - 13% - 10:22
PP Forward
1 - 0% - 60%
2 - 0% - 40%
PP Defense
1 - 0% - 60%
2 - 0% - 40%
PK Forward
1 - 87% - 60% - 3:26
2 - 13% - 40% - 0:32
PK Defense
1 - 60% - 60% - 2:22
2 - 40% - 40% - 1:36
PK3 Forward
1 - 0% - 60%
2 - 0% - 40%
PK3 Defense
1 - 0% - 60%
2 - 0% - 40%
44 Forward
1 - 100% - 60% - 2:07
2 - 0% - 40% - 0:00
44 Defense
1 - 62% - 60% - 1:19
2 - 38% - 40% - 0:48
Last Minute Offensive  - 0:00
Last Minute Defensive  - 0:00
Total
Forward - 62:07
Defense - 62:07

Play by Play

1st period


0:01 of 1st period - Jordan Schroeder wins face-off versus Nicolas Deschamps in neutral zone.
1:05 of 1st period - Off-side.
1:06 of 1st period - Landon Ferraro wins face-off versus Farm Player24 in neutral zone.
1:23 of 1st period - Wrist shot by Chris Terry.
1:23 of 1st period - Stopped by Scott Clemmensen with a rebound.
1:25 of 1st period - Snap shot by Corbin McPherson.
1:25 of 1st period - Shot Misses the Net.
1:27 of 1st period - Wrist shot by Chris Terry.
1:27 of 1st period - Shot Misses the Net.
1:57 of 1st period - Cedric Paquette is hit by Farm Player31 and loses puck.
2:26 of 1st period - Jake Hansen is hit by Michael Caruso and loses puck.
2:52 of 1st period - Drew Schiestel is hit by Jordan Schroeder and loses puck.
3:39 of 1st period - Slapshot by Brendon Nash.
3:39 of 1st period - Shot Blocked by Scott Glennie.
3:41 of 1st period - Wrist shot by George Parros.
3:41 of 1st period - Shot Misses the Net.
3:43 of 1st period - Snap shot by Farm Player29.
3:43 of 1st period - Stopped by Scott Wedgewood with a rebound.
3:53 of 1st period - Scott Glennie is hit by Rich Clune and loses puck.
4:04 of 1st period - Snap shot by Nicolas Deschamps.
4:04 of 1st period - Shot Misses the Net.
4:06 of 1st period - Slapshot by Scott Harrington.
4:06 of 1st period - Stopped by Scott Wedgewood with a rebound.
4:18 of 1st period - Slapshot by Matt Dumba.
4:18 of 1st period - Deflect By Sheldon Brookbank.
4:18 of 1st period - Stopped by Scott Wedgewood without a rebound.
4:19 of 1st period - Cedric Paquette wins face-off versus Farm Player31 in Wolves zone.
5:18 of 1st period - Slapshot by Farm Player20.
5:18 of 1st period - Shot Blocked by Drew Schiestel.
7:06 of 1st period - Cedric Paquette is hit by Joel Armia.
7:42 of 1st period - Jake Hansen is hit by Aaron Volpatti.
8:06 of 1st period - Snap shot by Jonathon Blum.
8:06 of 1st period - Shot Misses the Net.
8:08 of 1st period - Snap shot by Jake Hansen.
8:08 of 1st period - Shot Misses the Net.
8:10 of 1st period - Slapshot by Jonathon Blum.
8:10 of 1st period - Shot Misses the Net.
8:12 of 1st period - Snap shot by Joel Armia.
8:12 of 1st period - Deflect By Jake Hansen.
8:12 of 1st period - Shot Misses the Net.
8:12 of 1st period - Puck is out of play.
8:13 of 1st period - Cedric Paquette wins face-off versus Farm Player31 in Wolves zone.
9:09 of 1st period - Wrist shot by George Parros.
9:09 of 1st period - Stopped by Scott Wedgewood with a rebound.
9:11 of 1st period - Snap shot by George Parros.
9:11 of 1st period - Goal by George Parros - Marlies : 1 - Wolves : 0.
9:12 of 1st period - Cedric Paquette wins face-off versus Farm Player24 in neutral zone.
9:15 of 1st period - Scott Harrington is hit by Daniel Carcillo and loses puck.
9:23 of 1st period - Snap shot by George Parros.
9:23 of 1st period - Shot Blocked by Cedric Paquette.
9:25 of 1st period - Snap shot by George Parros.
9:25 of 1st period - Shot Blocked by Kent Huskins.
9:27 of 1st period - Slapshot by Scott Harrington.
9:27 of 1st period - Stopped by Scott Wedgewood with a rebound.
9:29 of 1st period - Slapshot by Scott Harrington.
9:29 of 1st period - Shot Blocked by Jared Boll.
9:31 of 1st period - Slapshot by Matt Dumba.
9:31 of 1st period - Stopped by Scott Wedgewood with a rebound.
10:20 of 1st period - Slapshot by Scott Glennie.
10:20 of 1st period - Shot Blocked by Jake Hansen.
10:37 of 1st period - Wrist shot by Daniel Carcillo.
10:37 of 1st period - Shot Misses the Net.
12:16 of 1st period - Wrist shot by Joel Armia.
12:16 of 1st period - Stopped by Scott Wedgewood with a rebound.
12:18 of 1st period - Wrist shot by Sheldon Brookbank.
12:18 of 1st period - Stopped by Scott Wedgewood with a rebound.
12:20 of 1st period - Snap shot by Sheldon Brookbank.
12:20 of 1st period - Shot Blocked by Michael Caruso.
12:22 of 1st period - Snap shot by Sheldon Brookbank.
12:22 of 1st period - Stopped by Scott Wedgewood with a rebound.
12:42 of 1st period - Daniel Carcillo is hit by Morgan Ellis and loses puck.
13:03 of 1st period - Slapshot by Jordan Schroeder.
13:03 of 1st period - Stopped by Scott Clemmensen with a rebound.
13:09 of 1st period - Jordan Schroeder is hit by Nicolas Deschamps and loses puck.
13:48 of 1st period - Snap shot by Morgan Ellis.
13:48 of 1st period - Stopped by Scott Wedgewood with a rebound.
13:56 of 1st period - Morgan Ellis is hit by Scott Glennie and loses puck.
15:07 of 1st period - Snap shot by Jared Boll.
15:07 of 1st period - Shot Misses the Net.
15:09 of 1st period - Slapshot by Kent Huskins.
15:09 of 1st period - Shot Blocked by Drew Schiestel.
15:11 of 1st period - Snap shot by Kent Huskins.
15:11 of 1st period - Shot Blocked by Scott Harrington.
15:13 of 1st period - Slapshot by Kent Huskins.
15:13 of 1st period - Shot Blocked by Scott Harrington.
15:15 of 1st period - Snap shot by Corbin McPherson.
15:15 of 1st period - Shot Misses the Net.
15:17 of 1st period - Wrist shot by Corbin McPherson.
15:17 of 1st period - Shot Blocked by Drew Schiestel.
15:35 of 1st period - Snap shot by Dane Byers.
15:35 of 1st period - Shot Blocked by Drew Schiestel.
15:56 of 1st period - Snap shot by Scott Glennie.
15:56 of 1st period - Shot Misses the Net.
16:02 of 1st period - Kent Huskins is hit by Rich Clune and loses puck.
16:25 of 1st period - Slapshot by Jonathon Blum.
16:25 of 1st period - Stopped by Scott Wedgewood without a rebound.
16:26 of 1st period - Cedric Paquette wins face-off versus Farm Player31 in Wolves zone.
17:28 of 1st period - Snap shot by Daniel Carcillo.
17:28 of 1st period - Stopped by Scott Clemmensen with a rebound.
17:30 of 1st period - Snap shot by Jared Boll.
17:30 of 1st period - Stopped by Scott Clemmensen without a rebound.
17:31 of 1st period - Farm Player31 wins face-off versus Cedric Paquette in Marlies zone.
18:01 of 1st period - Slapshot by Morgan Ellis.
18:01 of 1st period - Stopped by Scott Wedgewood without a rebound.
18:02 of 1st period - Jordan Schroeder wins face-off versus Colton Gillies in Wolves zone.
19:38 of 1st period - Scott Harrington is hit by Chris Terry and loses puck.
Goals for this period are 1 for Marlies vs 0 for Wolves.
Shots for this period are 13 for Marlies vs 4 for Wolves.

2nd period


0:01 of 2nd period - Jordan Schroeder wins face-off versus Farm Player24 in neutral zone.
0:08 of 2nd period - Jonathon Blum is hit by Aaron Volpatti and loses puck.
0:13 of 2nd period - Wrist shot by Jordan Schroeder.
0:13 of 2nd period - Shot Misses the Net.
0:19 of 2nd period - Wrist shot by Chris Terry.
0:19 of 2nd period - Shot Misses the Net.
0:53 of 2nd period - Rich Clune is hit by Daniel Carcillo and loses puck.
1:00 of 2nd period - Daniel Carcillo is hit by Rich Clune and loses puck.
1:13 of 2nd period - Scott Harrington is hit by Jared Boll and loses puck.
1:18 of 2nd period - Snap shot by Jared Boll.
1:18 of 2nd period - Deflect By Matt Dumba.
1:18 of 2nd period - Stopped by Scott Clemmensen without a rebound.
1:19 of 2nd period - Landon Ferraro wins face-off versus Farm Player31 in Marlies zone.
1:30 of 2nd period - Snap shot by Matt Dumba.
1:30 of 2nd period - Stopped by Scott Wedgewood with a rebound.
2:09 of 2nd period - Corbin McPherson beats up George Parros.
2:09 of 2nd period - Penalty to Corbin McPherson for Fighting.
2:09 of 2nd period - Penalty to George Parros for Fighting.
2:10 of 2nd period - Cedric Paquette wins face-off versus Nicolas Deschamps in Wolves zone.
2:29 of 2nd period - Wrist shot by Jared Boll.
2:29 of 2nd period - Shot Misses the Net.
2:38 of 2nd period - Rich Clune beats up Jared Boll.
2:38 of 2nd period - Penalty to Jared Boll for Fighting.
2:38 of 2nd period - Penalty to Rich Clune for Fighting.
2:39 of 2nd period - Aaron Volpatti wins face-off versus Farm Player24 in Wolves zone.
2:44 of 2nd period - Michael Caruso is hit by Jake Hansen and loses puck.
3:09 of 2nd period - Wrist shot by Chris Terry.
3:09 of 2nd period - Shot Hit the Post.
3:13 of 2nd period - Snap shot by Aaron Volpatti.
3:13 of 2nd period - Shot Misses the Net.
3:25 of 2nd period - Daniel Carcillo is hit by Farm Player24 and loses puck.
3:53 of 2nd period - Backhand shot by Scott Harrington.
3:53 of 2nd period - Shot Blocked by Scott Glennie.
4:23 of 2nd period - Dane Byers is hit by Joel Armia and loses puck.
4:36 of 2nd period - Wrist shot by Chris Terry.
4:36 of 2nd period - Stopped by Scott Clemmensen with a rebound.
4:38 of 2nd period - Slapshot by Dane Byers.
4:38 of 2nd period - Stopped by Scott Clemmensen with a rebound.
4:40 of 2nd period - Wrist shot by Chris Terry.
4:40 of 2nd period - Stopped by Scott Clemmensen with a rebound.
4:42 of 2nd period - Slapshot by Chris Terry.
4:42 of 2nd period - Shot Misses the Net.
4:46 of 2nd period - Backhand shot by Chris Terry.
4:46 of 2nd period - Shot Misses the Net.
5:32 of 2nd period - Slapshot by Drew Schiestel.
5:32 of 2nd period - Stopped by Scott Wedgewood with a rebound.
5:34 of 2nd period - Snap shot by Morgan Ellis.
5:34 of 2nd period - Stopped by Scott Wedgewood without a rebound.
5:35 of 2nd period - Chris Terry wins face-off versus Farm Player24 in Wolves zone.
5:42 of 2nd period - Slapshot by Brendon Nash.
5:42 of 2nd period - Shot Misses the Net.
5:44 of 2nd period - Slapshot by Jordan Henry.
5:44 of 2nd period - Shot Blocked by Chris Terry.
5:46 of 2nd period - Wrist shot by Austen Brassard.
5:46 of 2nd period - Shot Misses the Net.
5:48 of 2nd period - Slapshot by Brendon Nash.
5:48 of 2nd period - Shot Misses the Net.
5:50 of 2nd period - Snap shot by Farm Player24.
5:50 of 2nd period - Stopped by Scott Wedgewood without a rebound.
5:51 of 2nd period - Chris Terry wins face-off versus Nicolas Deschamps in Wolves zone.
5:51 of 2nd period - Chris Terry is hit by Jake Hansen.
6:27 of 2nd period - Snap shot by Daniel Carcillo.
6:27 of 2nd period - Stopped by Scott Clemmensen with a rebound.
6:29 of 2nd period - Wrist shot by Scott Glennie.
6:29 of 2nd period - Shot Blocked by Jordan Henry.
7:41 of 2nd period - Michael Caruso is hit by Nicolas Deschamps and loses puck.
7:50 of 2nd period - Scott Harrington is hit by Aaron Volpatti and loses puck.
9:13 of 2nd period - Slapshot by Rich Clune.
9:13 of 2nd period - Stopped by Scott Wedgewood with a rebound.
9:48 of 2nd period - Wrist shot by Kent Huskins.
9:48 of 2nd period - Stopped by Scott Clemmensen with a rebound.
10:04 of 2nd period - Snap shot by Jake Hansen.
10:04 of 2nd period - Shot Blocked by Yann Sauve.
10:05 of 2nd period - Rich Clune beats up Jared Boll.
10:05 of 2nd period - Penalty to Jared Boll for Fighting.
10:05 of 2nd period - Penalty to Rich Clune for Fighting.
10:06 of 2nd period - Chris Terry wins face-off versus Farm Player24 in Wolves zone.
10:19 of 2nd period - Slapshot by Yann Sauve.
10:19 of 2nd period - Stopped by Scott Clemmensen with a rebound.
10:21 of 2nd period - Wrist shot by Chris Terry.
10:21 of 2nd period - Stopped by Scott Clemmensen with a rebound.
11:07 of 2nd period - Joel Armia is hit by Aaron Volpatti and loses puck.
12:04 of 2nd period - Slapshot by Dane Byers.
12:04 of 2nd period - Shot Misses the Net.
12:26 of 2nd period - Landon Ferraro is hit by Matt Dumba and loses puck.
13:05 of 2nd period - Joel Broda is hit by Farm Player24 and loses puck.
13:12 of 2nd period - Slapshot by Sheldon Brookbank.
13:12 of 2nd period - Shot Misses the Net.
13:14 of 2nd period - Wrist shot by Jake Hansen.
13:14 of 2nd period - Shot Misses the Net.
13:16 of 2nd period - Slapshot by Sheldon Brookbank.
13:16 of 2nd period - Shot Blocked by Corbin McPherson.
13:18 of 2nd period - Slapshot by Sheldon Brookbank.
13:18 of 2nd period - Deflect By Jordan Schroeder.
13:18 of 2nd period - Stopped by Scott Wedgewood with a rebound.
13:31 of 2nd period - Icing by Joel Broda.
13:32 of 2nd period - Jordan Schroeder wins face-off versus Farm Player31 in Wolves zone.
14:29 of 2nd period - Wrist shot by Dane Byers.
14:29 of 2nd period - Deflect By Matt Dumba.
14:29 of 2nd period - Shot Blocked by Jordan Henry.
14:29 of 2nd period - Puck is out of play.
14:30 of 2nd period - Nicolas Deschamps wins face-off versus Landon Ferraro in Marlies zone.
15:54 of 2nd period - Cedric Paquette is hit by Jonathon Blum and loses puck.
16:37 of 2nd period - Wrist shot by George Parros.
16:37 of 2nd period - Shot Blocked by Chris Terry.
17:34 of 2nd period - Slapshot by Scott Glennie.
17:34 of 2nd period - Stopped by Scott Clemmensen without a rebound.
17:35 of 2nd period - Scott Glennie wins face-off versus Jake Hansen in Marlies zone.
18:58 of 2nd period - Slapshot by Daniel Carcillo.
18:58 of 2nd period - Stopped by Scott Clemmensen with a rebound.
19:39 of 2nd period - Minor Penalty to Aaron Volpatti for Boarding.
19:40 of 2nd period - Chris Terry wins face-off versus Farm Player24 in Wolves zone.
Goals for this period are 0 for Marlies vs 0 for Wolves.
Shots for this period are 6 for Marlies vs 10 for Wolves.

3rd period


0:01 of 3rd period - Chris Terry wins face-off versus Nicolas Deschamps in neutral zone.
0:08 of 3rd period - Slapshot by Jonathon Blum.
0:08 of 3rd period - Shot Misses the Net.
0:10 of 3rd period - Snap shot by Nicolas Deschamps.
0:10 of 3rd period - Stopped by Scott Wedgewood with a rebound.
0:22 of 3rd period - Slapshot by Jonathon Blum.
0:22 of 3rd period - Shot Blocked by Chris Terry.
0:36 of 3rd period - Slapshot by Sheldon Brookbank.
0:36 of 3rd period - Stopped by Scott Wedgewood with a rebound.
1:16 of 3rd period - Chris Terry is hit by George Parros and loses puck.
1:39 of 3rd period - Penalty to Aaron Volpatti is over, Aaron Volpatti is back on ice.
1:57 of 3rd period - Morgan Ellis is hit by Aaron Volpatti and loses puck.
2:12 of 3rd period - Slapshot by Landon Ferraro.
2:12 of 3rd period - Stopped by Scott Clemmensen with a rebound.
2:14 of 3rd period - Slapshot by Kent Huskins.
2:14 of 3rd period - Shot Misses the Net.
2:30 of 3rd period - Minor Penalty to Cedric Paquette for High sticking.
2:31 of 3rd period - Chris Terry wins face-off versus Farm Player24 in Wolves zone.
2:48 of 3rd period - Slapshot by Scott Glennie.
2:48 of 3rd period - Shot Misses the Net.
2:50 of 3rd period - Slapshot by Kent Huskins.
2:50 of 3rd period - Goal by Kent Huskins - Marlies : 1 - Wolves : 1.
2:51 of 3rd period - Nicolas Deschamps wins face-off versus Chris Terry in neutral zone.
3:58 of 3rd period - Yann Sauve is hit by Farm Player29 and loses puck.
4:30 of 3rd period - Penalty to Cedric Paquette is over, Cedric Paquette is back on ice.
4:37 of 3rd period - Slapshot by Rich Clune.
4:37 of 3rd period - Shot Misses the Net.
4:50 of 3rd period - Icing by Sheldon Brookbank.
4:51 of 3rd period - Farm Player31 wins face-off versus Cedric Paquette in Marlies zone.
4:51 of 3rd period - Farm Player31 is hit by Daniel Carcillo.
5:23 of 3rd period - Cedric Paquette is hit by George Parros and loses puck.
5:36 of 3rd period - Kent Huskins is hit by Morgan Ellis and loses puck.
5:47 of 3rd period - Wrist shot by Kent Huskins.
5:47 of 3rd period - Shot Blocked by Morgan Ellis.
5:49 of 3rd period - Wrist shot by Landon Ferraro.
5:49 of 3rd period - Shot Misses the Net.
6:14 of 3rd period - Jake Hansen is hit by Aaron Volpatti and loses puck.
6:25 of 3rd period - Daniel Carcillo is hit by Scott Harrington and loses puck.
6:35 of 3rd period - Slapshot by Michael Caruso.
6:35 of 3rd period - Stopped by Scott Clemmensen without a rebound.
6:36 of 3rd period - Cedric Paquette wins face-off versus Farm Player31 in Marlies zone.
6:47 of 3rd period - Brendon Nash is hit by Chris Terry.
7:49 of 3rd period - Slapshot by Nicolas Deschamps.
7:49 of 3rd period - Shot Hit the Post.
7:51 of 3rd period - Slapshot by Brendon Nash.
7:51 of 3rd period - Shot Misses the Net.
7:55 of 3rd period - Slapshot by Colton Gillies.
7:55 of 3rd period - Shot Blocked by Jared Boll.
8:10 of 3rd period - Snap shot by Brendon Nash.
8:10 of 3rd period - Shot Blocked by Kent Huskins.
8:12 of 3rd period - Slapshot by Brendon Nash.
8:12 of 3rd period - Stopped by Scott Wedgewood with a rebound.
8:14 of 3rd period - Snap shot by George Parros.
8:14 of 3rd period - Shot Misses the Net.
8:16 of 3rd period - Slapshot by Jordan Henry.
8:16 of 3rd period - Stopped by Scott Wedgewood without a rebound.
8:17 of 3rd period - Jordan Schroeder wins face-off versus Farm Player24 in Wolves zone.
8:42 of 3rd period - Jake Hansen is hit by Aaron Volpatti and loses puck.
8:55 of 3rd period - Aaron Volpatti is hit by Sheldon Brookbank and loses puck.
9:38 of 3rd period - Scott Harrington is hit by Dane Byers and loses puck.
9:51 of 3rd period - Slapshot by Matt Dumba.
9:51 of 3rd period - Stopped by Scott Wedgewood without a rebound.
9:52 of 3rd period - Chris Terry wins face-off versus George Parros in Wolves zone.
9:52 of 3rd period - Chris Terry is hit by Scott Harrington.
9:58 of 3rd period - Matt Dumba is hit by Jared Boll and loses puck.
10:43 of 3rd period - Snap shot by Joel Armia.
10:43 of 3rd period - Stopped by Scott Wedgewood with a rebound.
10:45 of 3rd period - Snap shot by Sheldon Brookbank.
10:45 of 3rd period - Stopped by Scott Wedgewood with a rebound.
11:57 of 3rd period - Kent Huskins is hit by Joel Armia.
12:59 of 3rd period - Joel Broda is hit by Sheldon Brookbank.
13:48 of 3rd period - Brendon Nash is hit by Yann Sauve and loses puck.
14:19 of 3rd period - Slapshot by Jonathon Blum.
14:19 of 3rd period - Stopped by Scott Wedgewood without a rebound.
14:20 of 3rd period - Cedric Paquette wins face-off versus Farm Player31 in Wolves zone.
15:05 of 3rd period - Icing by Chris Terry.
15:06 of 3rd period - Nicolas Deschamps wins face-off versus Landon Ferraro in Wolves zone.
16:00 of 3rd period - Kent Huskins is hit by Rich Clune and loses puck.
16:19 of 3rd period - Brendon Nash is hit by Farm Player1 and loses puck.
17:09 of 3rd period - Off-side.
17:10 of 3rd period - Cedric Paquette wins face-off versus Farm Player31 in neutral zone.
17:38 of 3rd period - Snap shot by Daniel Carcillo.
17:38 of 3rd period - Stopped by Scott Clemmensen with a rebound.
17:52 of 3rd period - Snap shot by George Parros.
17:52 of 3rd period - Shot Misses the Net.
17:58 of 3rd period - Drew Schiestel is hit by Joel Broda.
18:04 of 3rd period - Snap shot by Scott Glennie.
18:04 of 3rd period - Shot Misses the Net.
18:59 of 3rd period - Corbin McPherson is hit by Nicolas Deschamps.
19:13 of 3rd period - Wrist shot by Scott Glennie.
19:13 of 3rd period - Shot Misses the Net.
19:21 of 3rd period - Snap shot by Jordan Schroeder.
19:21 of 3rd period - Shot Blocked by Drew Schiestel.
Goals for this period are 0 for Marlies vs 1 for Wolves.
Shots for this period are 8 for Marlies vs 4 for Wolves.

Overtime #1


0:01 of 1st overtime period - Colton Gillies wins face-off versus Chris Terry in neutral zone.
0:08 of 1st overtime period - Snap shot by Sheldon Brookbank.
0:08 of 1st overtime period - Deflect By Rich Clune.
0:08 of 1st overtime period - Stopped by Scott Wedgewood with a rebound.
0:11 of 1st overtime period - Icing by Michael Caruso.
0:12 of 1st overtime period - Colton Gillies wins face-off versus Chris Terry in Wolves zone.
0:57 of 1st overtime period - Slapshot by Sheldon Brookbank.
0:57 of 1st overtime period - Stopped by Scott Wedgewood with a rebound.
2:05 of 1st overtime period - Wrist shot by Jake Hansen.
2:05 of 1st overtime period - Shot Misses the Net.
2:07 of 1st overtime period - Snap shot by Jake Hansen.
2:07 of 1st overtime period - Goal by Jake Hansen - Marlies : 2 - Wolves : 1.
Goals for this period are 1 for Marlies vs 0 for Wolves.
Shots for this period are 3 for Marlies vs 0 for Wolves.


Output by the SimonT Hockey Simulator (STHS) for Eric Dolegowski -- Original Page W3C XHTML 1.0 Valid
Hockey Simulator - Hockey Simulation - Hockey Manager